1960 views
Uploaded 2022-11-14 11:42:28
Game version 1.33
24:41 long 1on1 ladder game on (4)TurtleRock
Saved by ZueD
1960 views
Uploaded 2022-11-14 11:42:28
Game version 1.33
24:41 long 1on1 ladder game on (4)TurtleRock

66 units @ 9.2k
/ 1.1k
16 buildings @ 2.6k
/ 0.9k



| Rod of Necromancy | 3 | 450 |
| Sacrificial Skull | 1 | 50 |
| Orb of Corruption | 1 | 375 |
| Ritual Dagger | 1 | 125 |
| Scroll of Healing | 2 | 500 |
| Dust of Appearance | 1 | 75 |
| Scroll of Town Portal | 2 | 700 |
| Boots of Speed | 1 | 250 |
| Potion of Lesser Invulnerability | 1 | 150 |
| total: | 13 | 2675g |
| Acolyte | 20 | 1500 | / | 0 |
| Ghoul | 18 | 2160 | / | 0 |
| Crypt Fiend | 12 | 2580 | / | 480 |
| Obsidian Statue | 6 | 1200 | / | 210 |
| Banshee | 8 | 1240 | / | 240 |
| Abomination | 2 | 480 | / | 140 |
| total: | 66 | 9160g | / | 1070w |
| Nerubian Tower | 2 | 200 | / | 40 |
| Spirit Tower | 3 | 435 | / | 120 |
| Crypt | 2 | 400 | / | 100 |
| Altar of Darkness | 1 | 180 | / | 50 |
| Ziggurat | 7 | 1050 | / | 350 |
| Tomb of Relics | 1 | 130 | / | 30 |
| Graveyard | 1 | 215 | / | 0 |
| Necropolis | 1 | 225 | / | 0 |
| Slaughterhouse | 2 | 280 | / | 270 |
| Temple of the Damned | 1 | 155 | / | 140 |
| Halls of the Dead | 1 | 320 | / | 210 |
| Black Citadel | 1 | 325 | / | 230 |
| total: | 16 | 2635g | / | 940w |
| 0:01 | Acolyte |
| 0:01 | Acolyte |
| 0:05 | Crypt |
| 0:11 | Altar of Darkness |
| 0:23 | Ziggurat |
| 0:31 | Acolyte |
| 0:42 | Acolyte |
| 1:03 | Tomb of Relics |
| 1:07 | Ghoul |
| 1:23 | Ziggurat |
| 1:36 | Ghoul |
| 1:48 | Ghoul |
| 2:00 | Ghoul |
| 2:11 | Carrion Beetles |
| 2:15 | Rod of Necromancy |
| 2:20 | Sacrificial Skull |
| 2:31 | Ghoul |
| 2:44 | Ghoul |
| 2:59 | Ghoul |
| 3:12 | Ghoul |
| 3:20 | Spiked Carapace |
| 3:38 | Acolyte |
| 3:40 | Ziggurat |
| 3:57 | Carrion Beetles |
| 4:04 | Nerubian Tower |
| 4:37 | Ghoul |
| 4:37 | Acolyte |
| 4:38 | Acolyte |
| 4:38 | Acolyte |
| 4:38 | Acolyte |
| 4:53 | Nerubian Tower |
| 4:54 | Ghoul |
| 5:03 | Boots of Speed |
| 5:33 | Halls of the Dead |
| 5:54 | Graveyard |
| 5:59 | Ghoul |
| 6:24 | Crypt |
| 6:31 | Ghoul |
| 6:32 | Ghoul |
| 6:35 | Necropolis |
| 6:53 | Ghoul |
| 6:53 | Ghoul |
| 6:58 | Spiked Carapace |
| 7:16 | Ziggurat |
| 7:18 | Ziggurat |
| 7:30 | Rod of Necromancy |
| 7:55 | Black Citadel |
| 8:03 | Slaughterhouse |
| 8:10 | Slaughterhouse |
| 8:12 | Temple of the Damned |
| 8:22 | Crypt Fiend |
| 8:52 | Rod of Necromancy |
| 8:55 | Death Coil |
| 8:56 | Crypt Fiend |
| 9:42 | Banshee Adept Training |
| 9:44 | Obsidian Statue |
| 9:45 | Crypt Fiend |
| 10:19 | Ghoul Frenzy |
| 10:53 | Ziggurat |
| 10:54 | Acolyte |
| 10:58 | Obsidian Statue |
| 10:59 | Banshee |
| 10:59 | Banshee |
| 11:00 | Crypt Fiend |
| 11:01 | Crypt Fiend |
| 11:16 | Orb of Corruption |
| 11:17 | Scroll of Healing |
| 11:19 | Frost Nova |
| 11:29 | Destroyer Form |
| 11:33 | Creature Attack |
| 11:34 | Web |
| 11:43 | Unholy Aura |
| 11:45 | Carrion Beetles |
| 11:58 | Crypt Fiend |
| 11:59 | Necromancer Adept Training |
| 12:21 | Ziggurat |
| 12:36 | Banshee |
| 12:36 | Banshee |
| 12:37 | Crypt Fiend |
| 12:51 | Dust of Appearance |
| 13:02 | Dark Ritual |
| 13:22 | Spirit Tower |
| 13:23 | Spirit Tower |
| 13:23 | Spirit Tower |
| 13:28 | Obsidian Statue |
| 14:21 | Obsidian Statue |
| 14:23 | Acolyte |
| 14:24 | Acolyte |
| 14:24 | Acolyte |
| 14:27 | Death Coil |
| 15:14 | Crypt Fiend |
| 15:22 | Ritual Dagger |
| 15:34 | Frost Nova |
| 15:44 | Ghoul |
| 15:44 | Ghoul |
| 15:50 | Ghoul |
| 16:01 | Acolyte |
| 16:02 | Acolyte |
| 16:02 | Acolyte |
| 16:02 | Acolyte |
| 16:25 | Crypt Fiend |
| 17:29 | Acolyte |
| 17:30 | Acolyte |
| 17:58 | Burrow |
| 17:59 | Obsidian Statue |
| 18:10 | Acolyte |
| 18:19 | Scroll of Town Portal |
| 18:22 | Scroll of Healing |
| 18:30 | Potion of Lesser Invulnerability |
| 19:47 | Obsidian Statue |
| 19:56 | Scroll of Town Portal |
| 20:59 | Crypt Fiend |
| 21:00 | Necromancer Master Training |
| 21:02 | Banshee |
| 21:02 | Banshee |
| 21:04 | Abomination |
| 21:04 | Abomination |
| 21:42 | Dark Ritual |
| 21:52 | Crypt Fiend |
| 21:52 | Crypt Fiend |
| 21:56 | Locust Swarm |
| 21:58 | Unholy Aura |
| 22:04 | Banshee |
| 22:04 | Banshee |
| 24:36 | Death Coil |
| Select group | 1560 |
| Right click | 1369 |
| Select | 629 |
| Misc. action | 352 |
| Build/train/purchase | 209 |
| Assign group | 88 |
| Use ability | 52 |
| Esc | 8 |
| Item give/drop | 2 |
| Remove unit | 2 |
72 units @ 8k
/ 0.4k
24 buildings @ 2.2k
/ 0.8k

| Scroll of Regeneration | 4 | 400 |
| Lesser Clarity Potion | 5 | 350 |
| Potion of Healing | 2 | 300 |
| Scroll of Town Portal | 2 | 700 |
| Boots of Speed | 1 | 250 |
| Staff of Teleportation | 1 | 150 |
| Potion of Invisibility | 2 | 200 |
| Potion of Lesser Invulnerability | 1 | 150 |
| total: | 18 | 2500g |
| Peasant | 42 | 3150 | / | 0 |
| Footman | 18 | 2430 | / | 0 |
| Rifleman | 12 | 2460 | / | 360 |
| total: | 72 | 8040g | / | 360w |
| Scout Tower | 10 | 300 | / | 200 |
| Arcane Tower | 2 | 140 | / | 100 |
| Guard Tower | 4 | 280 | / | 200 |
| Farm | 6 | 480 | / | 120 |
| Altar of Kings | 1 | 180 | / | 50 |
| Barracks | 2 | 320 | / | 120 |
| Town Hall | 1 | 385 | / | 205 |
| Arcane Vault | 2 | 260 | / | 60 |
| Lumber Mill | 1 | 120 | / | 0 |
| Blacksmith | 1 | 140 | / | 60 |
| Keep | 1 | 320 | / | 210 |
| total: | 24 | 2185g | / | 815w |
| 0:03 | Peasant |
| 0:03 | Peasant |
| 0:03 | Peasant |
| 0:06 | Farm |
| 0:08 | Altar of Kings |
| 0:21 | Peasant |
| 0:25 | Peasant |
| 0:53 | Peasant |
| 0:56 | Barracks |
| 1:01 | Peasant |
| 1:09 | Farm |
| 1:21 | Peasant |
| 1:29 | Farm |
| 1:37 | Peasant |
| 1:49 | Peasant |
| 1:57 | Footman |
| 2:15 | Flame Strike |
| 2:29 | Footman |
| 2:31 | Peasant |
| 2:31 | Peasant |
| 2:58 | Siphon Mana |
| 3:06 | Peasant |
| 3:12 | Town Hall |
| 3:15 | Scout Tower |
| 3:20 | Footman |
| 3:31 | Peasant |
| 3:43 | Arcane Tower |
| 3:52 | Footman |
| 4:12 | Arcane Vault |
| 4:29 | Defend |
| 4:38 | Scout Tower |
| 4:38 | Scout Tower |
| 4:47 | Lumber Mill |
| 4:51 | Footman |
| 4:52 | Flame Strike |
| 5:07 | Scroll of Regeneration |
| 5:08 | Lesser Clarity Potion |
| 5:10 | Lesser Clarity Potion |
| 5:30 | Scroll of Regeneration |
| 5:41 | Guard Tower |
| 5:45 | Footman |
| 5:48 | Arcane Vault |
| 5:52 | Blacksmith |
| 6:04 | Footman |
| 6:04 | Footman |
| 6:28 | Peasant |
| 6:28 | Peasant |
| 6:28 | Peasant |
| 6:28 | Peasant |
| 6:47 | Siphon Mana |
| 7:08 | Scroll of Regeneration |
| 7:19 | Rifleman |
| 7:22 | Scout Tower |
| 7:26 | Peasant |
| 7:26 | Peasant |
| 7:51 | Arcane Tower |
| 8:00 | Peasant |
| 8:00 | Peasant |
| 8:00 | Peasant |
| 8:13 | Improved Lumber Harvesting |
| 8:33 | Rifleman |
| 8:34 | Peasant |
| 8:35 | Peasant |
| 8:35 | Peasant |
| 8:35 | Peasant |
| 8:57 | Rifleman |
| 9:13 | Farm |
| 9:28 | Flame Strike |
| 10:30 | Keep |
| 10:33 | Rifleman |
| 10:33 | Rifleman |
| 10:33 | Rifleman |
| 10:51 | Barracks |
| 11:00 | Improved Masonry |
| 11:04 | Farm |
| 11:14 | Footman |
| 11:14 | Footman |
| 11:26 | Iron Forged Swords |
| 11:47 | Footman |
| 11:47 | Rifleman |
| 11:47 | Footman |
| 11:47 | Rifleman |
| 12:13 | Black Gunpowder |
| 12:14 | Studded Leather Armor |
| 12:36 | Boots of Speed |
| 12:38 | Staff of Teleportation |
| 12:40 | Potion of Invisibility |
| 12:51 | Scout Tower |
| 12:52 | Scout Tower |
| 12:54 | Scout Tower |
| 12:54 | Scout Tower |
| 12:56 | Scout Tower |
| 12:57 | Scout Tower |
| 13:21 | Guard Tower |
| 13:24 | Guard Tower |
| 13:47 | Guard Tower |
| 14:07 | Summon Phoenix |
| 14:15 | Rifleman |
| 14:15 | Footman |
| 14:15 | Footman |
| 14:19 | Scroll of Town Portal |
| 14:41 | Footman |
| 15:14 | Siphon Mana |
| 15:17 | Peasant |
| 15:17 | Peasant |
| 15:17 | Peasant |
| 15:17 | Peasant |
| 15:18 | Peasant |
| 15:38 | Potion of Invisibility |
| 15:39 | Potion of Lesser Invulnerability |
| 15:58 | Lesser Clarity Potion |
| 16:02 | Potion of Healing |
| 16:13 | Peasant |
| 16:13 | Peasant |
| 16:14 | Peasant |
| 16:14 | Peasant |
| 16:14 | Peasant |
| 16:17 | Advanced Lumber Harvesting |
| 17:31 | Scroll of Town Portal |
| 18:00 | Iron Plating |
| 18:11 | Lesser Clarity Potion |
| 18:13 | Scroll of Regeneration |
| 18:42 | Farm |
| 19:29 | Rifleman |
| 19:30 | Footman |
| 19:30 | Rifleman |
| 19:30 | Footman |
| 19:38 | Peasant |
| 19:38 | Peasant |
| 19:58 | Lesser Clarity Potion |
| 19:59 | Potion of Healing |
| 21:07 | Rifleman |
| 21:08 | Footman |
| 21:37 | Long Rifles |
| 21:54 | Peasant |
| 21:54 | Peasant |
| 23:09 | Peasant |
| 24:12 | Banish |
| Right click | 544 |
| Select | 480 |
| Misc. action | 168 |
| Build/train/purchase | 162 |
| Use ability | 47 |
| Select group | 35 |
| Item give/drop | 7 |
| Assign group | 6 |